 Dungeon Crawl Stone Soup version 0.19-a0-965-g50bf062 (webtiles) character file.

156 Ijustatesigmund the Skirmisher (level 5, 14/42 HPs)
             Began as a Demonspawn Fighter on July 12, 2016.
             Quit the game on level 3 of the Dungeon.
             The game lasted 00:03:43 (2076 turns).

Ijustatesigmund the Skirmisher (Demonspawn Fighter) Turns: 2076, Time: 00:03:44

Health: 14/42      AC:  8    Str: 17    XL:     5   Next: 15%
Magic:  5/5        EV:  8    Int:  9    God:
Gold:   75         SH:  8    Dex: 13    Spells: 0 memorised, 4 levels left

rFire  + . .     SeeInvis .     a - +0 long sword
rCold  . . .     Gourm    .     b - +0 scale mail
rNeg   . . .     Faith    .     c - +0 shield
rPois  .         Spirit   .     (helmet restricted)
rElec  .         Dismiss  .     (no cloak)
rCorr  .         Reflect  .     (no gloves)
SustAt .         Harm     .     (no boots)
MR     .....                    (no amulet)
Stlth  ..........               (no ring)
                                (no ring)

@: not resistant to hostile enchantments, extremely unstealthy
A: horns 1, yellow scales 1, fire resistance 1, spiny 1
a: no special abilities


You were on level 3 of the Dungeon.
You were very hungry.

You visited 1 branch of the dungeon, and saw 3 of its levels.

You collected 75 gold pieces.

Inventory:

Hand Weapons
 a - a +0 long sword (weapon)
Armour
 b - a +0 scale mail (worn)
 c - a +0 shield (worn)
Wands
 j - a wand of acid (8/15)
Scrolls
 e - 2 scrolls of identify
 i - 2 scrolls of remove curse {unknown}
 k - a scroll of noise {unknown}
 l - a scroll of enchant weapon {unknown}
 n - a scroll of teleportation {unknown}
Potions
 d - 2 potions of might
 h - a potion of brilliance
 o - a potion of agility {unknown}
Comestibles
 f - 2 bread rations
 g - 2 fruits
 m - a meat ration
 p - a royal jelly


   Skills:
 + Level 4.1 Fighting
 + Level 3.2 Long Blades
 - Level 2.6 Armour
 + Level 2.2 Dodging
 - Level 2.6 Shields


You had 4 spell levels left.
You didn't know any spells.

Dungeon Overview and Level Annotations

Branches:
Dungeon (3/15)

Altars:
Ashenzari
Pakellas

Shops:
D:2 }


Innate Abilities, Weirdness & Mutations

You have a pair of small horns on your head.
You are partially covered in yellow scales. (AC +2)
Your flesh is heat resistant. (rF+)
You are partially covered in sharp spines.


Message History

Your shield and scale mail prevent you from hitting the gnoll.
The gnoll is moderately wounded.
The gnoll is struck by your spines. The gnoll barely misses you.
You hit the gnoll.
You kill the gnoll!
Your Dodging skill increases to level 2!
You closely miss the orc priest. The orc priest closely misses you.
The orc priest is struck by your spines.
The orc priest hits you but does no damage.
You hit the orc priest.
The orc priest is heavily wounded.
The orc priest hits you with a dagger.
You hit the orc priest.
The orc priest is severely wounded.
The orc priest is struck by your spines.
You kill the orc priest!
You have reached level 5!
Your demonic ancestry asserts itself...
A pair of horns grows on your head!
Are you sure you want to abandon this character and quit the game? (Confirm with "yes".)

####### ##.....#####
#.....##)@)# #..##.##.##.#
#..##..##.##.# #..####.##.# .#
### ### ####..# ##..## .##.#
>..##.....# ##### ###.#
....#.##.###### #.##.#.####.#
....).......... #...........#
....#()#............##.#.####..#


There were no monsters in sight!

Vanquished Creatures
  An orc priest (D:3)
  An orc wizard (D:3)
  2 adders
  A gnoll (D:3)
  3 worms
  A dart slug (D:2)
  3 giant geckos
  3 orcs (D:3)
  4 bats
  3 giant cockroaches
  6 goblins
  8 hobgoblins
  6 jackals
  A quokka (D:2)
  A ball python (D:2)
  2 giant newts
  5 kobolds
  7 rats
58 creatures vanquished.

Notes
Turn   | Place    | Note
-------+----------+-------------------------------------------
     0 | D:1      | Ijustatesigmund the Demonspawn Fighter began the quest for the Orb.
     0 | D:1      | Reached XP level 1. HP: 18/18 MP: 1/1
   319 | D:1      | Gained mutation: You are partially covered in sharp spines. [demonic ancestry]
   319 | D:1      | Reached XP level 2. HP: 14/24 MP: 2/2
   957 | D:1      | Gained mutation: Your flesh is heat resistant. (rF+) [demonic ancestry]
   957 | D:1      | Reached XP level 3. HP: 29/29 MP: 3/3
  1136 | D:2      | Reached skill level 1 in Dodging
  1719 | D:2      | Gained mutation: You are partially covered in yellow scales. (AC +2) [demonic ancestry]
  1719 | D:2      | Reached XP level 4. HP: 34/37 MP: 4/4
  1790 | D:2      | Found an oddly glowing altar of Pakellas.
  1790 | D:2      | Found Pakellas's Prime Provisions.
  1866 | D:3      | Found a shattered altar of Ashenzari.
  2063 | D:3      | Reached skill level 4 in Fighting
  2075 | D:3      | Gained mutation: You have a pair of small horns on your head. [demonic ancestry]
  2075 | D:3      | Reached XP level 5. HP: 14/42 MP: 5/5
  2076 | D:3      | Quit the game

Vault maps used:
D:1:      sevenhm_arrival_forest_fort_small_5
D:2:      first_bread, minivault_19, johnstein_pakellas_shop
D:3:      marbit_many_paths, ashenzari_altar_1

Skill      XL: |  1  2  3  4 |
---------------+-------------+-----
Long Blades    | 2 3 |  3.2
Dodging        | 1 2 |  2.2
Fighting       | 4 |  4.1
Armour         | |  2.6
Shields        | |  2.6

Action                   |  1- 3 |  4- 6 || total
-------------------------+-------+-------++-------
Melee: Long sword        |   111 |    53 ||   164
  Use: Scroll            |       |     2 ||     2
  Eat: Chunk             |     2 |       ||     2
       Fruit             |       |     1 ||     1
Armor: Scale mail        |    44 |    16 ||    60
Dodge: Dodged            |    29 |    13 ||    42
Block: Shield            |    50 |    22 ||    72
